 Dungeon Sprint DCSS version 0.23.1 (webtiles) character file.

Game seed: 12505173538965580572

331 dvd the Arsonist (level 6, -5/36 HPs)
             Began as an Octopode Fire Elementalist on Mar 6, 2019.
             Was a Follower of Vehumet.
             Slain by an air elemental (10 damage)
             ... in the Dungeon (Sprint V: "Ziggurat Sprint").
             The game lasted 00:03:14 (208 turns).

dvd the Arsonist (Octopode Fire Elementalist)        Turns: 208, Time: 00:03:14

Health: -5/36      AC:  4    Str: 19    XL:     6   Next: 52%
Magic:  7/13       EV: 11    Int: 32    God:    Vehumet [*.....]
Gold:   0          SH: 30    Dex: 24    Spells: 8/14 levels left

rFire    + . .     SeeInvis .   E - +8 lance "Wyrmbane" {slay drac, rPois rF+ rC+ AC+3}
rCold    + . .     Gourm    .   C - +18 shield of the Gong {rElec rN+ MR+ EV-5}
rNeg     + . .     Faith    .   (helmet restricted)
rPois    +         Spirit   .   (no amulet)
rElec    +         Reflect  .   w - +6 ring of dexterity
rCorr    .         Harm     .   x - +6 ring of dexterity
MR       +....     NoTele   +   y - +6 ring of intelligence
Stlth    +++++.....             z - +6 ring of intelligence
HPRegen  0.12/turn              A - +6 ring of strength
MPRegen  0.13/turn              B - +6 ring of strength
                                (no ring)
                                (no ring)

@: flying (expiring)
A: almost no armour, stealthy swim, amphibious, 8 rings, constrict 8, camouflage
1, gelatinous body 1
a: Renounce Religion


You were in the Dungeon.
You worshipped Vehumet.
Vehumet was aware of your devotion.
You were not hungry.

You visited 1 branch

Inventory:

Hand Weapons
 D - the +7 Singing Sword {slice, sonic wave}
   (You found it in the Dungeon)

   It inflicts extra damage upon your enemies.
 E - the +8 lance "Wyrmbane" (weapon) {slay drac, rPois rF+ rC+ AC+3}
   (You found it in the Dungeon)

   It affects your AC (+3).
   It protects you from fire.
   It protects you from cold.
   It protects you from poison.
 F - the +6 Majin-Bo {vamp, Archmagi MP+6 Int+6}
   (You found it in the Dungeon)

   It inflicts no extra harm, but heals its wielder when it wounds a living foe.
   It affects your intelligence (+6).
   It affects your magic capacity (+6).
 G - the cursed +14 obsidian axe {chop, +Fly SInv *Curse}
   (You found it in the Dungeon)

   It inflicts extra damage upon your enemies.
   It lets you see invisible.
   It lets you fly.
   It curses itself when equipped.
   It has a curse placed upon it.
 H - the +0 sword of Power
   (You found it in the Dungeon)
Armour
 C - the +18 shield of the Gong (worn) {rElec rN+ MR+ EV-5}
   (You found it in the Dungeon)

   It affects your evasion (-5).
   It insulates you from electricity.
   It protects you from negative energy.
   It affects your resistance to hostile enchantments.
Jewellery
 w - a +6 ring of dexterity (left tentacle)
 x - a +6 ring of dexterity (right tentacle)
 y - a +6 ring of intelligence (on tentacle)
 z - a +6 ring of intelligence (on tentacle)
 A - a +6 ring of strength (on tentacle)
 B - a +6 ring of strength (on tentacle)
 K - an uncursed ring of protection from magic
Wands
 t - a wand of disintegration (7)
 u - a wand of iceblast (7)
 v - a wand of acid (7)
Scrolls
 h - 4 scrolls of blinking
 n - 4 scrolls of amnesia
 o - 7 scrolls of fog
 p - a scroll of holy word
 q - 5 scrolls of identify
 r - 5 scrolls of remove curse
 s - 2 scrolls of fear
Potions
 a - 2 potions of brilliance
 c - 10 potions of curing
 d - 10 potions of heal wounds
 e - 6 potions of haste
 f - 7 potions of magic
 g - 3 potions of berserk rage
 i - 2 potions of invisibility
 j - 4 potions of resistance
 l - 5 potions of agility
 m - 5 potions of might
Miscellaneous
 k - a crystal ball of energy
 I - a phantom mirror
 J - a box of beasts
Comestibles
 b - 7 rations


   Skills:
 + Level 2.6 Polearms
 + Level 4.7 Dodging
 + Level 5.6 Stealth
 + Level 7.5 Shields
 + Level 4.8 Spellcasting
 + Level 1.6 Conjurations
 + Level 9.0 Fire Magic


You had 8 spell levels left.
You knew the following spells:

 Your Spells              Type           Power        Failure   Level  Hunger
a - Flame Tongue          Conj/Fire      #####        1%          1    None
b - Fireball              Conj/Fire      #####.....   38%         5    #####..

Your spell library contained the following spells:

 Spells                   Type           Power        Failure   Level  Hunger
 Freeze                   Ice            #...         14%         1    None
 Throw Flame              Conj/Fire      #####.       2%          2    None
 Conjure Flame            Conj/Fire      #####...     4%          3    None
 Inner Flame              Hex/Fire       #####...     6%          3    None
 Sticky Flame             Conj/Fire      #####...     16%         4    ###....


Dungeon Overview and Level Annotations

Branches:
Dungeon (1/1)

Altars:
Ashenzari
Cheibriados
Dithmenos
Elyvilon
Fedhas
Gozag
Hepliaklqana
Kikubaaqudgha
Makhleb
Nemelex Xobeh
Okawaru
Qazlal
Ru
Sif Muna
Trog
Uskayaw
Vehumet
Wu Jian
Xom
Yredelemnul
Zin
The Shining One
Beogh
Jiyva
Lugonu

Annotations:
D 1 transporter


Innate Abilities, Weirdness & Mutations

You cannot wear most types of armour.
You are very stealthy in the water. (Stealth+)
You are amphibious.
You can wear up to eight rings at the same time.
You can use your tentacles to constrict eight enemies at once.
Your skin changes colour to match your surroundings (Stealth+).
Your rubbery body absorbs attacks. (AC +1, EV +1)


Message History

The fireball engulfs the fire elemental.
The fire elemental completely resists.
The vortex of raging winds lifts you up.
You fly up into the air.
You block the air elemental's attack.
BOUMMMMG!
Unknown command.
Unknown command.
Unknown command.
Unknown command.
You hit the air elemental but do no damage.
The air elemental is moderately damaged.
You block the air elemental's attack.
GONNNNG!
The deep elf archer unwields a +0 dagger.
The deep elf archer wields a +0 shortbow.
The deep elf archer shoots an arrow.
The arrow hits you!!
Ouch! That really hurt!
* * * LOW HITPOINT WARNING * * *
The air elemental hits you!
You die...

▓▓▓▓▓▓▓▓▓▓▓▓▓▓▓▓▓▓▓
▓.8©8.▓.8©8.▓.8©8.▓
▓.○=§.▓.|)..▓.....▓
▓§e§§§▓.....▓.....▓
▓§§§§§▓.....▓...†.▓
▓§Ee§§▓..†..▓.....▓
▓§§E§§▓.....▓..©..▓
▓§§§@§▓..©..▓▓▓▓▓▓▓
▓▓▓▓▓▓▓▓▓▓▓▓▓


You could see a deep elf archer, a deep elf knight, a fire elemental and an air
elemental.

Vanquished Creatures
  2 necrophages (D)
  3 scorpions (D)
5 creatures vanquished.

Vanquished Creatures (others)
  Menkaure (D)
1 creature vanquished.

Grand Total: 6 creatures vanquished

Notes
Turn   | Place    | Note
-------+----------+-------------------------------------------
     0 | D        | Found the +6 Majin-Bo {vamp, Archmagi MP+6 Int+6}
     0 | D        | Found the +7 great mace "Firestarter" {inner flame, rF++}
     0 | D        | dvd the Octopode Fire Elementalist began the quest for the
                  | Orb.
     0 | D        | Reached XP level 1. HP: 11/11 MP: 3/3
     0 | D        | Found a deep blue altar of Sif Muna.
     0 | D        | Found a sacrificial altar of Ru.
     0 | D        | Found a bloodstained altar of Trog.
     0 | D        | Found a stormy altar of Qazlal.
     0 | D        | Found an iron altar of Okawaru.
     0 | D        | Found a sparkling altar of Nemelex Xobeh.
     0 | D        | Found a blossoming altar of Fedhas.
     2 | D        | Found a transporter.
     2 | D        | Found an ancient bone altar of Kikubaaqudgha.
     2 | D        | Found a viscous altar of Jiyva.
     2 | D        | Found a corrupted altar of Lugonu.
     2 | D        | Found a hazy altar of Hepliaklqana.
     2 | D        | Found a burning altar of Makhleb.
     2 | D        | Found an opulent altar of Gozag.
     2 | D        | Killed Menkaure
    35 | D        | Became a worshipper of Vehumet
    47 | D        | Found the +9 heavy crossbow "Sniper" {velocity, Acc+∞ SInv}
    47 | D        | Found the +10 dark maul {crush}
    47 | D        | Found the +15 Maxwell's patent armour {-Cast -Tele rElec
                  | MR+ rCorr}
    47 | D        | Found the +18 shield of the Gong {rElec rN+ MR+ EV-5}
    47 | D        | Found the cursed +14 obsidian axe {chop, +Fly SInv *Curse}
    54 | D        | Found the +6 shillelagh "Devastator" {shatter}
    54 | D        | Found the +11 plutonium sword {*Contam Stlth-}
    54 | D        | Found the +8 lance "Wyrmbane" {slay drac, rPois rF+ rC+
                  | AC+3}
    54 | D        | Found the +9 sword of Zonguldrok {reap}
    54 | D        | Found the cursed +13 scythe of Curses {drain, *Curse}
    54 | D        | Found the +0 sword of Power
    54 | D        | Found the +7 mace of Variability {chain chaos}
    54 | D        | Found the +7 Singing Sword {slice, sonic wave}
    54 | D        | Found the +7 longbow "Piercer" {penet, EV-2}
    74 | D        | Reached XP level 2. HP: 17/17 MP: 5/5
   115 | D        | Entered arena 2.
   115 | D        | Noticed a necrophage
   115 | D        | Noticed a necrophage
   115 | D        | Found a transporter.
   118 | D        | Killed a necrophage
   118 | D        | Reached skill level 5 in Fire Magic
   118 | D        | Reached XP level 3. HP: 21/21 MP: 5/7
   118 | D        | Reached XP level 4. HP: 27/27 MP: 5/8
   121 | D        | Killed a necrophage
   121 | D        | Reached skill level 1 in Polearms
   121 | D        | Reached skill level 7 in Fire Magic
   121 | D        | Reached XP level 5. HP: 31/31 MP: 5/11
   128 | D        | Learned a level 5 spell: Fireball
   182 | D        | Entered arena 3.
   182 | D        | Found a transporter.
   188 | D        | Reached * piety under Vehumet
   188 | D        | Offered knowledge of Freeze by Vehumet.
   188 | D        | Reached skill level 5 in Stealth
   188 | D        | Reached skill level 8 in Fire Magic
   188 | D        | Reached XP level 6. HP: 36/36 MP: 12/12
   193 | D        | Reached skill level 9 in Fire Magic
   205 | D        | Entered arena 4.
   205 | D        | Noticed a fire elemental
   205 | D        | Noticed an air elemental
   205 | D        | Noticed a deep elf archer
   205 | D        | Noticed a deep elf knight
   205 | D        | Found a transporter.
   208 | D        | Slain by an air elemental

Skill      XL: |  1  2  3  4  5  6 |
---------------+-------------------+-----
Shields        | 7 |  7.5
Dodging        | 3 4 |  4.7
Stealth        | 3 4 5 |  5.6
Spellcasting   | 3 4 |  4.8
Fire Magic     | 5 7 8 9 |  9.0
Polearms       | 1 2 |  2.6
Conjurations   | |  1.6

Action                   |  1- 3 |  4- 6 || total
-------------------------+-------+-------++-------
Melee: Lance             |     2 |    13 ||    15
       Tentacles         |     2 |     5 ||     7
       Constrict         |     1 |     2 ||     3
 Cast: Fireball          |       |     1 ||     1
       Flame Tongue      |       |     1 ||     1
  Use: Potion            |     1 |       ||     1
Armor: Skin              |       |     2 ||     2
Block: Shield            |     1 |    12 ||    13
